 Dungeon Crawl Stone Soup version 0.31-a0-455-g1a7b003ef0 (webtiles) character file.

Game seed: 16155714622489887755

27095 MackTheKnife the Severer (level 13, -5/107 (118) HPs)
             Began as a Hill Orc Cinder Acolyte on Aug 3, 2023.
             Was a High Priest of Ignis.
             Slain by Rupert
             ... wielding a +2 great mace of draining
              (23 damage)
             ... on level 3 of the Lair of Beasts.
             The game lasted 00:17:40 (16682 turns).

MackTheKnife the Severer (Hill Orc Cinder Acolyte) Turns: 16682, Time: 00:17:40

HP:   -5/107 (118)  AC: 26    Str: 20    XL:     13   Next: 30%
MP:   14/14         EV:  4    Int: 14    God:    Ignis [*****.]
Gold: 983           SH: 12    Dex: 14    Spells: 14/14 levels left

rFire   + + .        C - +6 broad axe (elec) {axe}
rCold   + . .        h - +0 kite shield
rNeg    + . .        a - +2 gold dragon scales {rare}
rPois   +            q - +2 hat
rElec   .            i - scarf {+Inv}
rCorr   .            c - +0 pair of gloves
SInv    .            x - +2 pair of boots
Will    ++++.        J - amulet of the Four Winds {rN+ Will+++ Clar} Stlth
                     s - ring of willpower
HPRegen 0.37/turn    f - +6 ring of dexterity
MPRegen 0.14/turn

%: clarity
@: about to teleport, drained
A: no striking features
a: Renounce Religion, Evoke Invisibility, Fiery Armour, Foxfire Swarm


You were on level 3 of the Lair of Beasts.
You worshipped Ignis.
Ignis was extremely pleased with you.
You visited 2 branches of the dungeon, and saw 14 of its levels.
You also visited: Sewer and Ossuary.

You collected 983 gold pieces.


   Skills:
 - Level 12.0 Fighting
 - Level 16.0 Axes
 - Level 10.0 Armour
 - Level 6.0 Dodging
 + Level 12.3 Shields
 - Level 1.0 Spellcasting
 - Level 3.2 Fire Magic


You had 14 spell levels left.
You didn't know any spells.
Your spell library contained the following spells:

 Spells                   Type           Power      Damage    Failure   Level
 Apportation              Tloc           0%         N/A       100%        1
 Sandblast                Erth           0%         2d4       100%        1
 Blink                    Tloc           0%         N/A       100%        2
 Lesser Beckoning         Tloc           0%         N/A       100%        2
 Momentum Strike          Conj/Tloc      0%         3d8       100%        2
 Passwall                 Tmut/Erth      0%         N/A       100%        2
 Scorch                   Fire           18%        2d5       100%        2
 Wereblood                Tmut           0%         N/A       100%        2
 Call Canine Familiar     Summ           0%         N/A       100%        3
 Dazzling Flash           Conj/Hex       0%         N/A       100%        3
 Ozocubu's Armour         Ice            0%         N/A       100%        3
 Portal Projectile        Hex/Tloc       0%         N/A       100%        3
 Stone Arrow              Conj/Erth      0%         3d7       100%        3
 Anguish                  Hex/Necr       0%         N/A       100%        4
 Animate Armour           Summ/Erth      0%         N/A       100%        4
 Cause Fear               Hex            0%         N/A       100%        4
 Leda's Liquefaction      Hex/Erth       0%         N/A       100%        4
 Olgreb's Toxic Radiance  Pois           0%         N/A       100%        4
 Agony                    Necr           0%         N/A       100%        5
 Alistair's Intoxication  Tmut/Pois      0%         N/A       100%        5
 Irradiate                Conj/Tmut      0%         3d11      100%        5
 Silence                  Hex/Air        0%         N/A       100%        5
 Enfeeble                 Hex            0%         N/A       100%        7
 Ozocubu's Refrigeration  Ice            0%         4d7       100%        7
 Discord                  Hex            0%         N/A       100%        8
 Ignition                 Fire           4%         3d4       100%        8
 Lehudib's Crystal Spear  Conj/Erth      0%         10d2      100%        8

Inventory:

Hand Weapons
 C - a +6 broad axe of electrocution (weapon) {axe}
   (You took it off Urug on level 11 of the Dungeon)
Armour
 a - +2 gold dragon scales (worn) {rare}
   (You found it on level 2 of the Dungeon)
 c - a +0 pair of gloves (worn)
   (You found it on level 8 of the Dungeon)
 h - a +0 kite shield (worn)
   (You found it on level 1 of the Dungeon)
 i - a scarf of invisibility (worn)
   (You found it on level 1 of the Dungeon)
 q - a +2 hat (worn)
   (You found it on level 2 of the Dungeon)
 x - a +2 pair of boots (worn)
   (You found it on level 3 of the Lair of Beasts)
Jewellery
 f - a +6 ring of dexterity (right hand)
   (You found it on level 3 of the Lair of Beasts)
 n - a ring of ice
   (You took it off a gnoll on level 2 of the Dungeon)
 s - a ring of willpower (left hand)
   (You found it on level 2 of the Dungeon)
 J - the amulet of the Four Winds (around neck) {rN+ Will+++ Clar}
   (You found it on level 7 of the Dungeon)

   [amulet of nothing]

   rN:        It protects you from negative energy.
   Clar:      It protects you from confusion, rage, mesmerisation and fear.
   Will:      It greatly increases your willpower.
 L - an amulet of reflection
   (You found it on level 3 of the Lair of Beasts)
 M - a ring of protection from cold
   (You found it on level 3 of the Lair of Beasts)
Wands
 r - a wand of paralysis (8)
   (You found it on level 2 of the Dungeon)
 w - a wand of digging (7)
   (You found it on level 11 of the Dungeon)
 A - a wand of polymorph (15)
   (You found it on level 5 of the Dungeon)
 G - a wand of iceblast (16)
   (You found it on level 7 of the Dungeon)
 K - a wand of flame (21)
   (You found it on level 11 of the Dungeon)
Scrolls
 j - 2 scrolls of fear
 p - 2 scrolls of vulnerability {!r!r}
 t - 8 scrolls of teleportation {@r4}
 y - 2 scrolls of fog
 D - a scroll of blinking {!r}
 H - 4 scrolls of revelation
 I - 3 scrolls of immolation {!r!r}
Potions
 b - a potion of attraction {!q}
 d - 2 potions of heal wounds {@q2}
 e - 2 potions of magic
 g - 3 potions of haste {@q3}
 k - 6 potions of curing {@q1}
 l - 6 potions of enlightenment
 m - a potion of mutation {!q}
 o - 3 potions of might
 u - 3 potions of brilliance {unknown}
 v - a potion of ambrosia
 z - 2 potions of resistance {unknown}
 E - 2 potions of berserk rage {unknown}
 F - a potion of invisibility

Dungeon Overview and Level Annotations

Branches:
Dungeon (11/15) Zot: 25545  Temple (0/1) D:7            Lair (3/5) D:11 Zot: 14946
 Spider (0/4) Lair:2          Orc (0/2) D:10          Sewer (visited)
Ossuary (visited)
  Swamp: Lair:2-3    Shoals: Lair:2-3

Altars:
Elyvilon
Fedhas
Hepliaklqana
Kikubaaqudgha
Nemelex Xobeh
Okawaru
Xom
Zin

Annotations:
D:11 exclusions: oklob plant and oklob sapling
Lair:3 Rupert

#...F.......##. #....P...##
#...........≈..$#.........#
...)..... ≈≈≈≈≈..#...#...
#....... ...≈.>.....†.##
#.....# ≈≈≈≈#.P.##....#
.#.##.#..#### # ######.#.##
........##..#### ##...##
....#.#....F@..# #...(## #
# ##.†###@## ##....#
#####..# #...#. ##.##
##..## ####..# ###...
####.#..## ##.....
#.....P.# #......
##......## #######......
#.###.#)###....##..P...
#..##.............##.##


You could see Rupert (berserk) and a blink frog (blind).


Message History

A blink frog comes into view.
The blink frog croaks.
You hear a loud, deep croak! x2; You hear a shout!
Rupert the Wild comes into view.
He is wielding a +2 great mace of draining.
Unknown command.
A blink frog comes into view.
The blink frog gives a loud, deep croak!
You hear a croak.
The blink frog blinks!
The blink frog moves out of view.
A blink frog comes into view.
Okay, then.
You barely miss the blink frog. You slice the plant!!
The plant begins to die.
You hit the plant.
The plant begins to die.
The blink frog hits you but does no damage.
Rupert looks as if he doubts whether you exists.
You completely miss the blink frog. You slash the plant! x2
The blink frog blinks!
The blink frog hits you but does no damage.
You closely miss the blink frog. You slash the plant!
Lightning courses through the plant! You hit the plant.
The blink frog barely misses you.
You slash the blink frog! You slash the plant! You completely miss the plant.
The blink frog blinks!
Aiming: Bolt of Light
Press: ? - help, Shift-Dir - straight line The bolt of light hits Rupert!!
Rupert is blinded.
The bolt of light misses the blink frog.
The bolt of light hits the blink frog!
The blink frog is blinded.
The now-empty wand crumbles to dust.
The blink frog blinks!
Unknown command.
You barely miss Rupert. You slash the plant! You slice the plant!!
Lightning courses through the plant!
A nearby plant withers and dies. x2
You block Rupert's attack.
The blink frog hits you but does no damage.
You barely miss Rupert. You slash the blink frog!
Lightning courses through the blink frog!
You block Rupert's attack. The blink frog hits you! 😕 HP[-10]
You take 10 damage, and now have 108/118 hp.
You slash Rupert! You slash the blink frog!
You kill the blink frog!
You block Rupert's attack.
The blink frog hits you but does no damage.
You slash Rupert! You slash the blink frog!
The blink frog hits you but does no damage.
Rupert roars madly and goes into a rage!
Rupert goes berserk!
You hit the blink frog.
Lightning courses through the blink frog!
You kill the blink frog!
You strike the helpless Rupert from behind!
You hit Rupert but do no damage.
Rupert is no longer blind.
Rupert hits you with a +2 great mace of draining!!!
You partially resist.
You feel drained. 😮 HP[-39]
You now have 115 max hp (-3).
You take 39 damage, and now have 69/115 hp.
MASSIVE DAMAGE!! (PAUSE)
You slice Rupert!! You barely miss the blink frog.
Rupert hits you but does no damage. You partially resist.
You block the blink frog's attack.
Rupert hits you with a +2 great mace of draining!
* * * LOW HITPOINT WARNING * * *
You partially resist.
You feel drained.
* * * LOW HITPOINT WARNING * * *
You block the blink frog's attack. 😨 HP[-18]
You now have 112 max hp (-3).
You take 18 damage, and now have 51/112 hp.
Unknown command.
Okay, then.
As you read the scroll of teleportation {@r4}, it crumbles to dust.
You feel strangely unstable. You block Rupert's attack.
The blink frog barely misses you. 😨 HP[+1] Unknown command.
Unknown command.
Unknown command.
Rupert attacks as you move away!
Rupert hits you with a +2 great mace of draining!!
* * * LOW HITPOINT WARNING * * *
You partially resist.
You feel drained.
* * * LOW HITPOINT WARNING * * *
Rupert hits you with a +2 great mace of draining.
* * * LOW HITPOINT WARNING * * *
You partially resist.
You feel drained.
* * * LOW HITPOINT WARNING * * *
😱 HP[-35]
You now have 107 max hp (-5).
You take 35 damage, and now have 17/107 hp.
MASSIVE DAMAGE!! (PAUSE) Unknown command.
Rupert attacks as you move away! You block Rupert's attack.
Unknown command.
Unknown command.
Rupert hits you with a +2 great mace of draining!!
You die...

Skill      XL: |  1  2  3  4  5  6  7  8  9 10 11 12 13 |
---------------+----------------------------------------+-----
Axes           | 5 6 7 8 10 12 15 16 | 16.0
Armour         | 1 2 3 5 7 9 10 | 10.0
Fighting       | 4 5 6 9 12 | 12.0
Dodging        | 5 6 |  6.0
Shields        | 10 12 | 12.3
Spellcasting   | |  1.0
Fire Magic     | |  3.2

Action                     |  1- 3 |  4- 6 |  7- 9 | 10-12 | 13-15 || total
---------------------------+-------+-------+-------+-------+-------++-------
  Melee: Hand axe          |    78 |       |       |       |       ||    78
         War axe           |    40 |   156 |   136 |       |       ||   332
         Punch             |     1 |     1 |     2 |       |       ||     4
         Battleaxe         |       |       |   221 |   481 |       ||   702
         Broad axe         |       |       |       |   189 |    64 ||   253
 Invoke: Rising Flame      |       |       |       |     1 |       ||     1
  Evoke: Wand              |       |       |     1 |    10 |     3 ||    14
    Use: Scroll            |       |       |     8 |    20 |     3 ||    31
   Stab: Invisible         |       |       |     1 |     2 |     1 ||     4
 Armour: Robe              |    18 |       |       |       |       ||    18
         Gold dragon scale |    22 |   154 |   284 |   587 |    36 ||  1083
  Dodge: Dodged            |    59 |     7 |    26 |   132 |    14 ||   238
  Block: Kite shield       |       |       |       |    52 |    31 ||    83

Levels and vault maps discovered:
D:1:      dpeg_cavernosity, layout_basic
D:2:      layout_loops_ring, chequers_ecumenical_altar_simple
D:3:      layout_basic, gup_sewer_entry_pipe, st_stairs_9, minmay_misc_feat_chi
D:4:      layout_loops_corners, minmay_misc_feat_enclosed,
          kennysheep_generic_room_14
D:5:      layout_gridville, mainiacjoe_overflow_six_doors_small, minitemple
D:6:      layout_rooms, kennysheep_little_box, enter_ossuary_3,
          minmay_crystal_water, uniq_sigmund, uniq_maggie, uniq_eustachio
D:7:      layout_cave_pools, minmay_temple_entry_glass,
          hangedman_decor_riveting, minmay_fire_ice_demons
D:8:      layout_rooms
D:9:      layout_basic, minivault_21
D:10:     layout_irregular_city, grunt_temple_overflow_open, zombieorc2_lemuel,
          serial_column_ruins, column_ruins_open_small, column_ruins_open_tiny,
          column_ruins_corridor_T, column_ruins_open_small,
          column_ruins_open_small, column_ruins_corridor_corner
D:11:     layout_gridville, lair_entry_dummy, introduction_to_nature_1,
          uniq_grum, uniq_urug
Lair:1:   layout_concentric_octagons, chequers_serial_rivers_micro_e,
          grunt_megastairs_1
Lair:2:   layout_small_grid, palyth_hydra_swamp_entry,
          spider_nest_entry_web_field, serial_bayou_shore_b, uniq_nergalle
Lair:3:   layout_loops_ring, chequers_serial_rivers_micro_d, nzn_random_ring,
          serial_bayou_shore_b, lemuel_fruit_tree, uniq_rupert

Notes
Turn   | Place    | Note
-------+----------+-------------------------------------------
     0 | D:1      | MackTheKnife the Hill Orc Cinder Acolyte began the quest
                  | for the Orb.
     0 | D:1      | Reached XP level 1. HP: 19/19 MP: 2/2
     0 | D:1      | magus.rc [v1.9.6]
   199 | D:1      | Reached XP level 2. HP: 20/26 MP: 3/3
   445 | D:1      | Reached skill level 5 in Axes
   804 | D:1      | You pick up a book of the Hunter and begin reading...
   804 | D:1      | You add the spells Call Canine Familiar, Portal Projectile
                  | and Leda's Liquefaction to your library.
   974 | D:2      | HP: 1/26 [worm (7)]
  1140 | D:2      | Found a faded altar of an unknown god.
  1159 | D:2      | Reached XP level 3. HP: 21/31 MP: 4/4
  1220 | D:2      | Identified +0 gold dragon scales
  1239 | D:2      | a - +0 gold dragon scales {rare}
  1338 | D:1      | You finish putting on your +0 gold dragon scales {rare}.
  1534 | D:2      | Reached skill level 6 in Axes
  1534 | D:2      | Reached skill level 1 in Armour
  1534 | D:2      | Reached XP level 4. HP: 16/40 MP: 5/5
  2117 | D:2      | Reached skill level 4 in Fighting
  2469 | D:3      | Found a glowing drain.
  2505 | Sewer    | Entered a sewer
  2728 | Sewer    | Noticed a kobold brigand
  2745 | Sewer    | Killed a kobold brigand
  2746 | Sewer    | Reached skill level 2 in Armour
  2746 | Sewer    | Reached XP level 5. HP: 32/47 MP: 4/6
  2831 | Sewer    | Noticed a kobold brigand
  2849 | Sewer    | Killed a kobold brigand
  2850 | Sewer    | Reached XP level 6. HP: 37/55 MP: 5/7
  2943 | Sewer    | Reached skill level 5 in Fighting
  2943 | Sewer    | Reached skill level 7 in Axes
  2943 | Sewer    | Reached skill level 3 in Armour
  3184 | Sewer    | Reached XP level 7. HP: 62/62 MP: 8/8
  3233 | Sewer    | Reached skill level 4 in Armour
  3349 | Sewer    | Reached skill level 6 in Fighting
  3581 | D:3      | Reached skill level 8 in Axes
  4887 | D:4      | Reached skill level 5 in Armour
  4887 | D:4      | Reached XP level 8. HP: 70/71 MP: 7/9
  4984 | D:4      | your +0 gold dragon scales {rare} glow green for a moment.
  5072 | D:5      | Entered Level 5 of the Dungeon
  5087 | D:5      | Reached skill level 9 in Axes
  5128 | D:5      | Found a glowing silver altar of Zin.
  5131 | D:5      | Found a hazy altar of Hepliaklqana.
  5133 | D:5      | Found an iron altar of Okawaru.
  5133 | D:5      | Found a white marble altar of Elyvilon.
  5165 | D:5      | Reached skill level 6 in Armour
  5422 | D:5      | Identified the +6 sling of the Stork {flame, rPois Dex+3
                  | SInv}
  5490 | D:5      | Found a sparkling altar of Nemelex Xobeh.
  5495 | D:5      | You pick up a book of Armaments and begin reading...
  5495 | D:5      | You add the spells Stone Arrow, Animate Armour and
                  | Lehudib's Crystal Spear to your library.
  5588 | D:5      | Reached skill level 10 in Axes
  5985 | D:6      | Reached skill level 7 in Armour
  5994 | D:6      | Reached XP level 9. HP: 57/78 MP: 6/10
  6004 | D:6      | Noticed Eustachio
  6005 | D:6      | You pick up a book of Geomancy and begin reading...
  6005 | D:6      | You add the spells Sandblast and Passwall to your library.
  6130 | D:6      | Killed Eustachio
  6131 | D:6      | Reached skill level 11 in Axes
  6333 | D:6      | Noticed Sigmund
  6344 | D:6      | Reached skill level 8 in Armour
  6349 | D:6      | Killed Sigmund
  6492 | D:6      | Found a sand-covered staircase.
  6492 | D:6      | Noticed Maggie
  6502 | D:6      | Killed Maggie
  6503 | D:6      | Reached skill level 12 in Axes
  6507 | D:6      | Reached skill level 9 in Armour
  6521 | Ossuary  | Entered an ossuary
  7009 | Ossuary  | Noticed Menkaure
  7033 | Ossuary  | Killed Menkaure
  7034 | Ossuary  | Reached XP level 10. HP: 37/84 MP: 5/11
  7295 | Ossuary  | Reached skill level 13 in Axes
  7317 | Ossuary  | your +1 gold dragon scales {rare} glow green for a moment.
  7370 | D:6      | Found an ancient bone altar of Kikubaaqudgha.
  7443 | D:6      | Reached skill level 10 in Armour
  7835 | D:7      | Found a staircase to the Ecumenical Temple.
  7853 | D:7      | Reached skill level 7 in Fighting
  7896 | D:7      | You pick up a book of Spatial Translocations and begin
                  | reading...
  7896 | D:7      | You add the spells Blink, Momentum Strike and Lesser
                  | Beckoning to your library.
  7997 | D:7      | Found the amulet of the Four Winds {rN+ Will+++ Clar}
  8413 | D:7      | You pick up a book of Changes and begin reading...
  8413 | D:7      | You add the spells Wereblood and Irradiate to your library.
  8541 | D:8      | Reached skill level 14 in Axes
  8647 | D:8      | Reached skill level 8 in Fighting
  9080 | D:8      | Reached skill level 9 in Fighting
  9486 | D:9      | Reached skill level 15 in Axes
  9544 | D:9      | You pick up a book of Changes and begin reading...
  9673 | D:9      | Reached XP level 11. HP: 72/97 MP: 12/12
  9990 | D:9      | Reached skill level 10 in Fighting
 10537 | D:10     | Entered Level 10 of the Dungeon
 10537 | D:10     | Found a blossoming altar of Fedhas.
 10706 | D:10     | HP: 20/101 [something (8)]
 11134 | D:10     | Found a staircase to the Orcish Mines.
 11437 | D:10     | Reached skill level 16 in Axes
 11501 | D:10     | You pick up a book of Hexes and begin reading...
 11501 | D:10     | You add the spells Anguish, Cause Fear and Enfeeble to your
                  | library.
 11542 | D:10     | You add the spells Olgreb's Toxic Radiance, Ignition and
                  | Discord to your library.
 11794 | D:10     | Found a shimmering altar of Xom.
 12135 | D:11     | Reached skill level 11 in Fighting
 12147 | D:11     | Noticed Grum
 12158 | D:11     | Killed Grum
 12520 | D:11     | Noticed a two-headed ogre
 12526 | D:11     | Killed a two-headed ogre
 12527 | D:11     | Reached skill level 12 in Fighting
 12527 | D:11     | Reached skill level 1 in Dodging
 12685 | D:11     | Noticed a two-headed ogre
 12694 | D:11     | Killed a two-headed ogre
 12695 | D:11     | Reached skill level 3 in Dodging
 12946 | D:11     | Noticed a boulder beetle
 12965 | D:11     | Reached skill level 4 in Dodging
 12965 | D:11     | Killed a boulder beetle
 12970 | D:11     | Reached skill level 5 in Dodging
 12970 | D:11     | Reached XP level 12. HP: 49/112 MP: 13/13
 13098 | D:11     | Noticed Urug
 13107 | D:11     | Killed Urug
 13474 | D:11     | Found a staircase to the Lair.
 13596 | Lair:1   | Entered Level 1 of the Lair of Beasts
 13603 | Lair:1   | Reached skill level 6 in Dodging
 13683 | Lair:1   | You add the spells Ozocubu's Armour and Ozocubu's
                  | Refrigeration to your library.
 13701 | Lair:1   | Reached skill level 1 in Shields
 13843 | Lair:1   | You fall into a shaft and drop 1 floor!
 13852 | Lair:2   | Reached skill level 2 in Shields
 13858 | Lair:2   | Reached skill level 3 in Shields
 13962 | Lair:2   | Found a hole to the Spider Nest.
 14017 | Lair:2   | Noticed Nergalle
 14032 | Lair:2   | Killed Nergalle
 14033 | Lair:2   | Reached skill level 4 in Shields
 14076 | Lair:2   | You pick up a book of Party Tricks and begin reading...
 14076 | Lair:2   | You add the spells Apportation and Alistair's Intoxication
                  | to your library.
 14095 | Lair:2   | magus.rc [v1.9.6]
 14125 | Lair:1   | Reached skill level 5 in Shields
 14145 | Lair:1   | Reached skill level 6 in Shields
 14335 | Lair:1   | Identified the +8 dagger "Ufechug" {spect, *Corrode rF++
                  | rC+ SInv}
 14544 | Lair:1   | You pick up a book of the Senses and begin reading...
 14544 | Lair:1   | You add the spells Dazzling Flash, Agony and Silence to
                  | your library.
 14654 | Lair:1   | Reached skill level 7 in Shields
 14737 | Lair:1   | Reached skill level 8 in Shields
 15092 | Lair:2   | Reached skill level 9 in Shields
 15367 | Lair:2   | Noticed a seven-headed hydra
 15372 | Lair:2   | HP: 28/112 [seven-headed hydra (4)]
 15377 | Lair:1   | HP: 18/112 [poisoned by a cane toad]
 15790 | Lair:3   | Noticed a four-headed hydra
 15845 | Lair:3   | Reached skill level 10 in Shields
 15953 | Lair:3   | Killed an eight-headed hydra
 15954 | Lair:3   | Reached XP level 13. HP: 87/118 MP: 14/14
 16122 | Lair:3   | Reached skill level 11 in Shields
 16207 | Lair:3   | You pick up a book of Geomancy and begin reading...
 16373 | Lair:3   | Reached skill level 12 in Shields
 16663 | Lair:3   | Noticed Rupert
 16680 | Lair:3   | HP: 28/112 [Rupert/+2 great mace of draining (24)]
 16682 | Lair:3   | Slain by Rupert

Vanquished Creatures
  A hydra (Lair:3)
  A catoblepas (Lair:3)
  A boulder beetle (D:11)
  2 two-headed ogres (D:11)
  Urug (D:11)
  Nergalle (Lair:2)
  A moth of wrath (Lair:3)
  A black mamba (Lair:3)
  12 cane toads
  Maggie (D:6)
  A rime drake (Lair:2)
  5 komodo dragons
  A troll (D:11)
  4 dream sheep (Lair:3)
  4 polar bears
  3 blink frogs (Lair:3)
  Sigmund (D:6)
  A shadow (D:10)
  3 wyverns
  Eustachio (D:6)
  A wraith (D:10)
  A basilisk (Lair:3)
  25 yaks
  4 steam dragons
  Menkaure (Ossuary)
  Grum (D:11)
  16 water moccasins
  5 orc warriors
  2 black bears
  4 sky beasts
  2 ogres
  3 centaurs
  13 wolves
  3 phantoms
  9 kobold brigands
  A gnoll sergeant (D:10)
  An elf zombie (Ossuary)
  11 bullfrogs
  5 scorpions
  10 wights
  3 troll zombies (D:10)
  20 killer bees
  5 howler monkeys
  A crimson imp (D:7)
  2 centaur zombies (Ossuary)
  2 jellies (D:4)
  A hound (D:6)
  7 orc priests
  3 gnoll boudas
  A human zombie (Ossuary)
  A sleepcap (D:4)
  3 iguanas
  5 orc wizards
  8 ogre zombies
  6 mummies (Ossuary)
  22 gnolls
  3 river rats (Sewer)
  10 adders
  A shadow imp (D:7)
  3 white imps
  2 ufetubi (D:6)
  2 adder zombies (Ossuary)
  2 worms
  3 dart slugs
  25 orcs
  5 endoplasms
  3 giant cockroaches
  3 goblins
  6 hobgoblins
  6 jackals
  9 quokkas
  16 ball pythons
  4 bats
  3 frilled lizards
  A gnoll zombie (D:6)
  A goblin skeleton (D:10)
  6 goblin zombies
  A hobgoblin skeleton (D:10)
  7 hobgoblin zombies
  19 kobolds
  5 kobold zombies (Ossuary)
  3 orc skeletons (D:10)
  15 orc zombies (D:10)
  6 quokka zombies (Ossuary)
  8 rats
  3 rat zombies (Ossuary)
435 creatures vanquished.

Vanquished Creatures (others)
  An orc (D:6)
1 creature vanquished.

Grand Total: 436 creatures vanquished

Table legend:
 A = Non-vault XP
 B = Vault XP
 C = Vault XP percentage of total XP
 D = Non-vault monster count
 E = Vault monster count
 F = Vault count percentage of total count
                 A         B        C        D         E       F
            +---------+---------+-------+---------+---------+-------
      Total |   27321 |   11387 |  29.4 |     272 |     163 |  37.5
            +---------+---------+-------+---------+---------+-------
        D:1 |      23 |       7 |  23.3 |      15 |       4 |  21.1
        D:2 |      69 |       0 |   0.0 |      18 |       0 |   0.0
        D:3 |      92 |      20 |  17.9 |      17 |       9 |  34.6
        D:4 |     338 |       0 |   0.0 |      13 |       0 |   0.0
        D:5 |     717 |       0 |   0.0 |      14 |       0 |   0.0
        D:6 |    1687 |     842 |  33.3 |      23 |       5 |  17.9
        D:7 |    1012 |      58 |   5.4 |      25 |       2 |   7.4
        D:8 |    2471 |       0 |   0.0 |      29 |       0 |   0.0
        D:9 |    1736 |       0 |   0.0 |      20 |       0 |   0.0
       D:10 |    1241 |     718 |  36.7 |      22 |      36 |  62.1
       D:11 |    5850 |    1523 |  20.7 |      27 |      18 |  40.0
     Lair:1 |    5028 |     961 |  16.0 |      20 |       6 |  23.1
     Lair:2 |    3476 |     775 |  18.2 |      15 |       1 |   6.2
     Lair:3 |    3581 |    5067 |  58.6 |      14 |      17 |  54.8
      Sewer |       0 |     790 | 100.0 |       0 |      28 | 100.0
    Ossuary |       0 |     626 | 100.0 |       0 |      37 | 100.0
            +---------+---------+-------+---------+---------+-------

Skill      XL: |  1  2  3  4  5  6  7  8  9 10 11 12 13 |
---------------+----------------------------------------+-----
Axes           | 5 6 7 8 10 12 15 16 | 16.0
Armour         | 1 2 3 5 7 9 10 | 10.0
Fighting       | 4 5 6 9 12 | 12.0
Dodging        | 5 6 |  6.0
Shields        | 10 12 | 12.3
Spellcasting   | |  1.0
Fire Magic     | |  3.2

Action                     |  1- 3 |  4- 6 |  7- 9 | 10-12 | 13-15 || total
---------------------------+-------+-------+-------+-------+-------++-------
  Melee: Hand axe          |    78 |       |       |       |       ||    78
         War axe           |    40 |   156 |   136 |       |       ||   332
         Punch             |     1 |     1 |     2 |       |       ||     4
         Battleaxe         |       |       |   221 |   481 |       ||   702
         Broad axe         |       |       |       |   189 |    64 ||   253
 Invoke: Rising Flame      |       |       |       |     1 |       ||     1
  Evoke: Wand              |       |       |     1 |    10 |     3 ||    14
    Use: Scroll            |       |       |     8 |    20 |     3 ||    31
   Stab: Invisible         |       |       |     1 |     2 |     1 ||     4
 Armour: Robe              |    18 |       |       |       |       ||    18
         Gold dragon scale |    22 |   154 |   284 |   587 |    36 ||  1083
  Dodge: Dodged            |    59 |     7 |    26 |   132 |    14 ||   238
  Block: Kite shield       |       |       |       |    52 |    31 ||    83

Illustrated notes

Table legend:
 A = Kills in this place as a percentage of kills in the entire game.
 B = Kills by you in this place as a percentage of kills by you in the entire game.
 C = Kills by friends in this place as a percentage of kills by friends in the entire game.
 D = Other kills in this place as a percentage of other kills in the entire game.
 E = Experience gained in this place as a percentage of experience gained in the entire game.
 F = Experience gained in this place divided by the number of levels of this place that you have seen.
                   A       B       C       D       E      F
               +-------+-------+-------+-------+-------+----------------------
         Total | 100.0 | 100.0 |   N/A |   N/A | 100.0 | 2419.2
       Dungeon |  68.3 |  68.3 |   N/A |   N/A |  47.5 | 1673.1
          Lair |  16.8 |  16.8 |   N/A |   N/A |  48.8 | 6296.0
         Sewer |   6.4 |   6.4 |   N/A |   N/A |   2.0 | 790.0
       Ossuary |   8.5 |   8.5 |   N/A |   N/A |   1.6 | 626.0
               +-------+-------+-------+-------+-------+----------------------

Table legend: (Time is in decaauts)
 A = Elapsed time spent in this place.
 B = Non-inter-level travel time spent in this place.
 C = Inter-level travel time spent in this place.
 D = Time resting spent in this place.
 E = Time spent auto-exploring this place.
 F = Levels seen in this place.
 G = Mean time per level.
                   A        B        C        D        E       F      G
               +--------+--------+--------+--------+--------+-----+--------+
         Total |  16885 |  16397 |    488 |   2478 |  11048 |  16 | 1055.3 |
       Dungeon |  11778 |  11361 |    417 |   1434 |   8044 |  11 | 1070.7 |
          Lair |   3052 |   2981 |     71 |    775 |   1742 |   3 | 1017.3 |
         Sewer |   1243 |   1243 |      0 |      5 |    904 |   1 | 1243.0 |
       Ossuary |    811 |    811 |      0 |    264 |    357 |   1 |  811.0 |
               +--------+--------+--------+--------+--------+-----+--------+

Top non-repeatable levels by time:
    D:11: 1454 daAuts
    D:10: 1453 daAuts
  Lair:1: 1396 daAuts
     D:9: 1249 daAuts
   Sewer: 1243 daAuts
     D:1: 1210 daAuts
     D:3: 1097 daAuts
     D:2: 947 daAuts
     D:5: 936 daAuts
     D:8: 889 daAuts
  Lair:3: 888 daAuts
     D:7: 885 daAuts
     D:6: 850 daAuts
 Ossuary: 811 daAuts
     D:4: 805 daAuts
